Cogmind - Beta 15 @@@ ROGUE MODE // 2025.07.15 @ 16:06:27 Player: jumpy Result: Destroyed by 8R-AWN with 8R-AWN's Boregun Performance ------------- Evolutions (1) 500 Regions Visited (5) 1000 Robots Destroyed (12) 60 Value Destroyed (149) 149 Prototype IDs (24) 480 Alien Tech Used (0) 0 Bonus (75) 75 TOTAL SCORE: 2264 Bonus ------- Aligned with FarCom 300 Friendly Fire -225 Cogmind --------- Core Integrity 0/400 Matter 261/300 Energy 88/100 System Corruption 5% Temperature Cool (0) Movement Core (100) Ox1 Location -9/Exiles Parts ------- > --- POWER (1) -------- (None) > --- PROPULSION (3) --- (None) > --- UTILITY (3) ------ Small Storage Unit > --- WEAPON (2) ------- (None) > --- INVENTORY (8) ---- Ion Engine Light Treads Armored Wheel Armored Wheel Improved Terrain Scanner Seismic Detector Small Laser Plasma Cutter Peak State ------------ > --- POWER ------------ (None) > --- PROPULSION ------- Light Treads > --- UTILITY ---------- Small Storage Unit > --- WEAPON ----------- 8R-AWN's Boregun Longsword +1 > --- INVENTORY -------- Ion Engine Light Treads Armored Wheel Armored Wheel Improved Terrain Scanner Seismic Detector Small Laser Plasma Cutter [Rating: 21] Favorites ----------- Power Ion Engine Engine Ion Engine Propulsion Light Treads Treads Light Treads Utility Small Storage Unit Device Seismic Detector Storage Small Storage Unit Weapon Small Laser Energy Gun Small Laser Ballistic Gun 8R-AWN's Boregun Slashing Weapon Longsword +1 Build | -11 -10 -10 -9 -9 -9 ------- Run | Yrd Mat Min Mat Min Exi Slots Evolved 2 | . . . 2 . . Power . | . . . . . . Propulsion 1 | . . . 1 . . Utility 1 | . . . 1 . . Weapon . | . . . . . . Parts Attached 11 | 8 . . 1 . 2 Power 1 | 1 . . . . . Engine 1 | 1 . . . . . Core . | . . . . . . Reactor . | . . . . . . Propulsion 3 | 2 . . 1 . . Treads 3 | 2 . . 1 . . Leg . | . . . . . . Wheel . | . . . . . . Hover . | . . . . . . Flight . | . . . . . . Utility 2 | 2 . . . . . Device 1 | 1 . . . . . Storage 1 | 1 . . . . . Processor . | . . . . . . Hackware . | . . . . . . Protection . | . . . . . . Artifact . | . . . . . . Weapon 5 | 3 . . . . 2 Energy Gun 3 | 3 . . . . . Energy Cannon . | . . . . . . Ballistic Gun 1 | . . . . . 1 Ballistic Cannon . | . . . . . . Launcher . | . . . . . . Special Weapon . | . . . . . . Impact Weapon . | . . . . . . Slashing Weapon 1 | . . . . . 1 Piercing Weapon . | . . . . . . Special Melee Weapon . | . . . . . . Unidentified Prototypes 1 | . . . . . 1 Parts Lost 7 | . . . . . 7 Power 1 | . . . . . 1 Propulsion 2 | . . . . . 2 Utility 1 | . . . . . 1 Weapon 3 | . . . . . 3 Highest Loss Streak 7 | . . . . . 7 To Critical Strikes 2 | . . . . . 2 Average Backups 6 | 3 6 6 6 7 7 Power . | . 1 1 1 1 1 Propulsion 2 | 1 2 2 2 3 3 Utility 1 | . 2 2 2 2 2 Weapon . | . 1 1 . . . Tool/Special . | . . . . . . Unused Backups 10 | . 2 . 1 . 7 Power 1 | . . . . . 1 Propulsion 5 | . 2 . . . 3 Utility 2 | . . . . . 2 Weapon 1 | . . . 1 . . Tool/Special 1 | . . . . . 1 Average Slot Usage (%) 89 | . 100 100 83 88 86 Engine 11 | . 14 14 11 11 10 Treads 30 | . 28 28 28 33 32 Device 11 | . 14 14 11 11 10 Storage 11 | . 14 14 11 11 11 Energy Gun 22 | . 28 28 22 22 19 Peak Build Rating 21 | 7 8 8 9 9 21 Average Rating 8 | 5 7 8 8 9 10 On Entrance 6 | . 7 8 8 9 9 Naked Turns . | . . . . . . Heaviest Build 15 | 13 13 13 13 13 15 Greatest Support 60 | 40 40 40 60 60 60 Greatest Overweight (x) 1 | . . . . . 1 Average Overweight (x) . | . . . . . . Largest Inventory Capacity 8 | 8 8 8 8 8 8 Average Capacity 7 | 7 8 8 8 8 8 Most Carried 8 | 6 8 6 7 7 8 Average Carried 6 | 3 6 6 6 7 7 Final Capacity 8 | 8 8 8 8 8 8 Final Carried 8 | 6 6 6 7 7 8 Class Distribution -------------------- 100% | Mutant Dominant Class ---------------- Mutant | -10/Materials Mutant | -10/Mines Mutant | -9/Materials Mutant | -9/Mines Mutant | -9/Exiles Resources | -11 -10 -10 -9 -9 -9 ----------- Run | Yrd Mat Min Mat Min Exi Matter Collected 290 | 278 . 2 10 . . Remotely . | . . . . . . Salvage Created 371 | 155 54 39 123 . . Parts 30 | 16 3 6 5 . . Haulers Intercepted 1 | . 1 . . . . Recyclers Shooed 1 | . 1 . . . . Parts Field Recycled . | . . . . . . Retrieved Matter . | . . . . . . Parts Self-Destructed . | . . . . . . Prevented . | . . . . . . Kills | -11 -10 -10 -9 -9 -9 ------- Run | Yrd Mat Min Mat Min Exi Combat Hostiles Destroyed 6 | . . 3 3 . . Guns 6 | . . 3 3 . . Classes Destroyed 7 | 2 2 1 2 . . Worker 1 | . 1 . . . . Tunneler 3 | 3 . . . . . Hauler 1 | . 1 . . . . Recycler 1 | 1 . . . . . Swarmer 4 | . . 3 1 . . Grunt 1 | . . . 1 . . Sentry 1 | . . . 1 . . Best Kill Streak 3 | 1 2 3 1 . . Combat Bots Only 3 | . . 3 1 . . Max Kills in Single Turn 2 | 1 1 2 1 . . Gunslinging 1 | . . 1 . . . Exploded . | . . . . . . Melee . | . . . . . . Uniques/NPCs Destroyed . | . . . . . . Combat | -11 -10 -10 -9 -9 -9 -------- Run | Yrd Mat Min Mat Min Exi Hostile Shots Fired 99 | . . 8 11 . 80 Missed 22 | . . 2 3 . 17 Hits 77 | . . 6 8 . 63 Melee 13 | . . . . . 13 Projectile 64 | . . 6 8 . 50 Critical Strikes 15 | . . . 1 . 14 Damage Taken 1264 | . . 54 89 . 1121 Core 421 | . . 10 27 . 384 Absorbed by Shields . | . . . . . . Core Remaining (%) 98 | 100 . 96 . . . Volleys Fired 33 | 13 7 4 5 . 4 Largest 2 | 2 2 2 2 . 1 Hottest 80 | 80 80 80 80 . 30 Shots Fired 62 | 26 14 8 10 . 4 Gun 62 | 26 14 8 10 . 4 Cannon . | . . . . . . Launcher . | . . . . . . Special . | . . . . . . Kinetic 4 | . . . . . 4 Thermal 58 | 26 14 8 10 . . Explosive . | . . . . . . Electromagnetic . | . . . . . . Robot Hit Streak 12 | 11 12 4 8 . 4 Robot Miss Streak 3 | 3 2 1 1 . 2 Penetration Max . | . . . . . . Secondary Targets 2 | . . 2 . . . Max Gunslinging Chain 1 | . . 1 . . . Shots Hit Robots 54 | 18 11 5 9 . 11 Core Hits 19 | 5 3 3 5 . 3 Critical Kills . | . . . . . . Critical Parts Destroyed 1 | . . . . . 1 Critical Strikes 4 | . . . . . 4 Destroy 2 | . . . . . 2 Sever 2 | . . . . . 2 Melee Attacks 9 | . . . . . 9 Impact . | . . . . . . Slashing 9 | . . . . . 9 Piercing . | . . . . . . Sneak Attacks 1 | . . . . . 1 Combat Hostiles . | . . . . . . Follow-up Attacks . | . . . . . . Damage Inflicted 1003 | 185 137 58 105 11 507 Guns 547 | 185 137 58 102 . 65 Cannons . | . . . . . . Explosions . | . . . . . . Melee 442 | . . . . . 442 Ramming 14 | . . . 3 11 . Kinetic 65 | . . . . . 65 Thermal 482 | 185 137 58 102 . . Explosive . | . . . . . . Electromagnetic . | . . . . . . Impact . | . . . . . . Slashing 442 | . . . . . 442 Piercing . | . . . . . . Highest Corruption 5 | . . . . . 5 Average Corruption 5 | . . . . . 5 Corruption Purged . | . . . . . . Corruption Blocked . | . . . . . . Overload Shots . | . . . . . . Overflow Damage . | . . . . . . Projectiles . | . . . . . . Explosions . | . . . . . . Melee . | . . . . . . Knockbacks . | . . . . . . Impact . | . . . . . . Kinetic . | . . . . . . Secondary . | . . . . . . Self-Inflicted Damage . | . . . . . . Shots . | . . . . . . Rammed 5 | . . . 2 3 . Targets Rammed 5 | . . . 2 3 . Kicked . | . . . . . . Crushed . | . . . . . . Highest Temperature 72 | 54 72 72 54 . . Average Temperature 26 | 19 34 38 21 . . Received Heat Transfer 54 | . . . 54 . . Siege Activations . | . . . . . . Martial Activations . | . . . . . . Shielding Activations . | . . . . . . Robots Disrupted . | . . . . . . Combat Hostiles . | . . . . . . Robots Corrupted . | . . . . . . Combat Hostiles . | . . . . . . Parts Fried . | . . . . . . Impact Corruptions . | . . . . . . Robots Melted . | . . . . . . Combat Hostiles . | . . . . . . Parts Melted . | . . . . . . Heat Transferred 1100 | 425 325 125 225 . . Parts Sabotaged . | . . . . . . Parts Stolen . | . . . . . . Parts Stripped . | . . . . . . Power Chain Reactions . | . . . . . . Alert | -11 -10 -10 -9 -9 -9 ------- Run | Yrd Mat Min Mat Min Exi Maximum Alert Level . | . . . . . . Low Security (%) 100 | 100 100 100 100 100 . Level 1 . | . . . . . . Level 2 . | . . . . . . Level 3 . | . . . . . . Level 4 . | . . . . . . Level 5 . | . . . . . . High Security . | . . . . . . Max Security . | . . . . . . Peak Influence 70 | 5 7 70 50 7 . Initial 7 | . . . . 7 . Average 9 | . . 22 19 . . Influence Increases 200 | 20 12 78 90 . . Destroy 0b10 Robot/C 120 | . . 60 60 . . Destroy 0b10 Robot/NC 30 | 20 10 . . . . Destroy Leader 42 | . 2 10 30 . . Successful Hack 8 | . . 8 . . . Influence Decreases 200 | 20 12 78 70 20 . Entered New Map 13 | . . . . 13 . Time Decay 187 | 20 12 78 70 7 . Squads Dispatched 3 | . 1 . 2 . . Investigation 1 | . . . 1 . . Extermination . | . . . . . . Reinforcement 2 | . 1 . 1 . . Assault . | . . . . . . Garrison . | . . . . . . Intercept . | . . . . . . Searches Triggered . | . . . . . . Construction Impeded . | . . . . . . Haulers Reinforced . | . . . . . . Active Scanning Responses . | . . . . . . Cargo Convoy Interrupts . | . . . . . . Stealth | -11 -10 -10 -9 -9 -9 --------- Run | Yrd Mat Min Mat Min Exi Distress Signals . | . . . . . . Communications Jammed . | . . . . . . Distress Signals . | . . . . . . Times Spotted 17 | . 2 2 6 . 7 Peak Tracking Total 9 | . 3 2 5 . 9 Tactical Retreats . | . . . . . . Traps | -11 -10 -10 -9 -9 -9 ------- Run | Yrd Mat Min Mat Min Exi Traps Triggered . | . . . . . . Indirectly . | . . . . . . Trap Hack Attempts . | . . . . . . Triggered . | . . . . . . Disarmed . | . . . . . . Reprogrammed . | . . . . . . Reused . | . . . . . . Traps Extracted . | . . . . . . Installed . | . . . . . . Triggered . | . . . . . . Machines | -11 -10 -10 -9 -9 -9 ---------- Run | Yrd Mat Min Mat Min Exi Machines Disabled 1 | . . . . . 1 Max in Single Turn 1 | . . . . . 1 Machines Repaired . | . . . . . . Machines Dismantled . | . . . . . . Machines Sabotaged . | . . . . . . Overloaded Fab Kills . | . . . . . . Hacking | -11 -10 -10 -9 -9 -9 --------- Run | Yrd Mat Min Mat Min Exi Machines Accessed 5 | . . 1 1 . 3 Terminals 2 | . . 1 1 . . Fabricators . | . . . . . . Repair Stations . | . . . . . . Recycling Units . | . . . . . . Scanalyzers . | . . . . . . Garrison Access . | . . . . . . Total Hacks 34 | . . 1 2 . 31 Successful 33 | . . 1 1 . 31 Failed 1 | . . . 1 . . Catastrophic . | . . . . . . Database Lockouts . | . . . . . . Manual 1 | . . . . . 1 Terminals 3 | . . 1 2 . . Fabricators . | . . . . . . Repair Stations . | . . . . . . Recycling Units . | . . . . . . Scanalyzers . | . . . . . . Garrison Access . | . . . . . . Terminal Hacks 33 | . . 1 1 . 31 Record 30 | . . . . . 30 Level Access Points 1 | . . 1 . . . Dispatch Records 1 | . . . 1 . . Proto ID Catalog 1 | . . . . . 1 Fabricator Hacks . | . . . . . . Repair Station Hacks . | . . . . . . Recycling Unit Hacks . | . . . . . . Scanalyzer . | . . . . . . Garrison Access Hacks . | . . . . . . Unauthorized Hacks . | . . . . . . Terminals . | . . . . . . Fabricators . | . . . . . . Repair Stations . | . . . . . . Recycling Units . | . . . . . . Scanalyzers . | . . . . . . Garrison Access . | . . . . . . Data Cores Recovered . | . . . . . . Used . | . . . . . . Hacking Detections 1 | . . . 1 . . Full Trace Events . | . . . . . . Feedback Events . | . . . . . . Feedback Blocked . | . . . . . . Robot Schematics Acquired . | . . . . . . Robots Built . | . . . . . . Authchips . | . . . . . . Time . | . . . . . . Total Robot Build Rating . | . . . . . . Part Schematics Acquired . | . . . . . . Parts Built . | . . . . . . Authchips . | . . . . . . Time . | . . . . . . Total Part Build Rating . | . . . . . . Parts Repaired . | . . . . . . Time . | . . . . . . Parts Recycled . | . . . . . . Recycled Matter . | . . . . . . Retrieved Matter . | . . . . . . Retrieved Components . | . . . . . . Parts Scanalyzed . | . . . . . . Part Schematics Acquired . | . . . . . . Parts Damaged . | . . . . . . Bothacking | -11 -10 -10 -9 -9 -9 ------------ Run | Yrd Mat Min Mat Min Exi Used RIF Installer . | . . . . . . Robots Hacked . | . . . . . . Non-combat . | . . . . . . Combat . | . . . . . . Robot Hacks Applied . | . . . . . . Relay Couplers Released . | . . . . . . Fabnet Peak Effective % . | . . . . . . Robots Rewired . | . . . . . . Allies Hacked . | . . . . . . Hacks Repelled . | . . . . . . Allies | -11 -10 -10 -9 -9 -9 -------- Run | Yrd Mat Min Mat Min Exi Total Allies 2 | . . . . 2 . Largest Group 2 | . . . . 2 2 Highest-Rated Group 41 | . . . . 41 41 Highest-Rated Ally 31 | . . . . 31 31 Total Orders . | . . . . . . Ally Attacks . | . . . . . . Total Damage . | . . . . . . Kills . | . . . . . . Allies Corrupted . | . . . . . . Allies Melted . | . . . . . . Intel | -11 -10 -10 -9 -9 -9 ------- Run | Yrd Mat Min Mat Min Exi Active Infowar (turns) 1669 | 67 156 273 231 245 697 Seismic 1669 | 67 156 273 231 245 697 Robot Analysis Total . | . . . . . . Derelict Logs Recovered 3 | . . 3 . . . Drone Launches . | . . . . . . Drone Recoveries . | . . . . . . Exploration | -11 -10 -10 -9 -9 -9 ------------- Run | Yrd Mat Min Mat Min Exi Turns Passed 1829 | 212 156 273 231 245 712 Spaces Moved 1026 | 102 81 164 112 142 425 Core 7 | 6 . . . . 1 Treads 1019 | 96 81 164 112 142 424 Legs . | . . . . . . Wheels . | . . . . . . Hover . | . . . . . . Flight . | . . . . . . Fastest Speed 50 | 50 160 160 160 160 100 Average Speed 159 | 153 160 160 160 160 159 Slowest Speed 160 | 160 160 160 160 160 160 Overloaded Moves . | . . . . . . Propulsion Burnouts . | . . . . . . Robots Hopped . | . . . . . . Potential Cave-ins . | . . . . . . Cave-ins Triggered . | . . . . . . Exploration Rate (%) 32 | 4 20 42 15 46 68 Regions Visited 5 Branch Regions 3 Pre-discovered Areas 2 | . . 1 . . 1 Known Exits Taken 1 | . . 1 . . . Unknown Exits Taken 4 | 1 1 . 1 1 . Scrap Searched 3 | . . 1 . 2 . Spaces Dug . | . . . . . . Terrain Destroyed . | . . . . . . Melee . | . . . . . . Projectile . | . . . . . . AOE . | . . . . . . Terrain Rammed . | . . . . . . Walls Destroyed . | . . . . . . Machines Disabled . | . . . . . . Actions | -11 -10 -10 -9 -9 -9 --------- Run | Yrd Mat Min Mat Min Exi Total 1144 | 128 95 167 153 158 443 Wait 49 | . 4 . 31 14 . Move 1021 | 101 80 163 111 141 425 Hop . | . . . . . . Pick Up 11 | 6 2 . 2 . 1 Fast Attach 11 | 7 . . 1 . 3 Attach . | . . . . . . Detach . | . . . . . . Swap 2 | 1 . . . . 1 Drop 3 | . 2 . 1 . . Fire 33 | 13 7 4 5 . 4 Melee 9 | . . . . . 9 Ram . | . . . . . . Kick . | . . . . . . Crush 5 | . . . 2 3 . Escape Stasis . | . . . . . . Rewire . | . . . . . . Trap . | . . . . . . Miscellaneous . | . . . . . . Route ------- -11/Scrapyard -10/Materials -10/Mines (discovered 2 exits: *Mat x2) -9/Materials -9/Mines (discovered 3 exits: [*Mat x2] / *Exi) -9/Exiles History --------- Turn | Location | Event 37 | -11/Scrapyard | Discovered new exit (range 16) 213 | -11/Scrapyard | Entered Materials 313 | -10/Materials | Build established: Mutant 352 | -10/Materials | Discovered new exit (range 12) 369 | -10/Materials | Entered Mines 397 | -10/Mines | Learned Materials trap positions 413 | -10/Mines | Identified exit to Materials 419 | -10/Mines | Met a Derelict bent on vengeance 583 | -10/Mines | Learned Materials terminal intel 623 | -10/Mines | Learned location of Zion (-7) 642 | -10/Mines | Entered Materials 642 | -9/Materials | Evolved 2 slots: Propulsion x1, Utility x1 643 | -9/Materials | Loaded intel: 20 trap records 644 | -9/Materials | Loaded intel: 11 terminal locations 843 | -9/Materials | Discovered new exit (range 16) 847 | -9/Materials | Met 8R-AWN 873 | -9/Materials | Entered Mines 875 | -9/Mines | Followed 8R-AWN into the Mines 925 | -9/Mines | Discovered new exit (range 14) 928 | -9/Mines | Discovered new exit (range 6) 1100 | -9/Mines | Discovered new exit (range 5) 1118 | -9/Mines | Entered Exiles 1118 | -9/Exiles | Accompanied by 2 allies 1148 | -9/Exiles | Led the pair of lost Derelicts to a safe place 1158 | -9/Exiles | Welcomed by 8R-AWN 1184 | -9/Exiles | Met EX-HEX 1245 | -9/Exiles | Met EX-DEC 1305 | -9/Exiles | Visited The Gauntlet 1469 | -9/Exiles | Met EX-BIN 1488 | -9/Exiles | Aligned with FarCom system 1490 | -9/Exiles | Given EX-Vault access code 1534 | -9/Exiles | Opened EX-Vault 1554 | -9/Exiles | Found Longsword +1 1627 | -9/Exiles | Warned to stay clear of 0b10 Research branches 1780 | -9/Exiles | Learned about 8R-AWN's background 1797 | -9/Exiles | Attacked by the Exiles 1815 | -9/Exiles | Found Prototype Ballistic Gun 1815 | -9/Exiles | Identified 8R-AWN's Boregun 1821 | -9/Exiles | Core integrity fell below 50% 1826 | -9/Exiles | Core integrity fell below 20% 1830 | -9/Exiles | Destroyed by 8R-AWN with 8R-AWN's Boregun Last Messages --------------- 01823_ HV Slug penetrates Wall. 01823_ as-58165 destroyed. 01824_ Penetrated by HV Slug. 01824_ HV Slug penetrates Wall. 01824_ Acquired 8R-AWN's Boregun. 01826_ Wall collapses. 01826_ Penetrated by HV Slug. 01826_ HV Slug penetrates Earth. 01826_ HV Slug penetrates as-41404. 01826_ as-41404 suffers critical hit (Destroy). 01826_ Destroyed Asb. Rifle. 01827_ HV Slug penetrates Wall. 01828_ HV Slug penetrates 8R-AWN. 01828_ HV Slug penetrates Wall. 01829_ Critical hit (Destroy). 01829_ 8R-AWN's Boregun destroyed. 01829_ Penetrated by HV Slug. 01829_ HV Slug penetrates Earth. 01829_ as-89126 destroyed. 01830_ Penetrated by HV Slug. Map ----- +----------------------------------------------------+ | """#?????????????????????????????????????????????? | | """#?????????????????????????????????????????????? | | """#?????????????????????????????????????????????? | | """#?????????????????????????????????????????????? | | """#?????????????????????????????????????????????? | | """#?????????????????????????????????????????????? | | """#?????????????????????????????????????????????? | | """#?????????????????????????????????????????????? | | """##????????????????????????????????????????????? | | """""????????????????????????????????????????????? | | """##????????????????????????????????????????????? | | """""????????????????????????????????????????????? | | # ????????????????????????????????????????????? | | """#?????????????????????????????????????????????? | | ####?????????????????????????????????????????????? | | ?????????????????????????????????????????????????? | | ?????????????????????????????????????????????????? | | ?????????????????????????????????????????????????? | | ##########???????????????????????????????????? | | """""""""##??????????????????????????????????? | | " """ """"##?????????????????????????????????# # | | "" " #?????????????###???????????????## # | | " """#?????????????# #???????????????# | | " "#???????????###;#???????????????# | | " "##?????######"a #??????????????## | | ""###???# ; %@g#?????????????## #? | | """#???##### ##????????????# #? | | "#????### a% ###????????### #?? | | ##???# ########## #?? | | ##?## #""""## #??? | | ### a * ##?? | | ## * #?? | | #### ##? | | a ""#?#"""""#### ## | | #"""##?#######??#### * | | ######??????????????##### | | ##???????????????????????### | | " ##??????????????????????????### | | """ ""#?????????????????????????????### | | ""#" "##??????????????????????????????#" | | """##"""""""##???????????????????????????????#### | | """#?#########???????????????????????????????????# | | ##???????????????????????????????????????????????# | | ?????????????????????????????????????????????????? | | ?????????????????????????????????????????????????? | | ?????????????????????????????????????????????????? | | ?????????????????????????????????????????????????? | | ?????????????????????????????????????????????????? | | ?????????????????????????????????????????????????? | | ?????????????????????????????????????????????????? | +----------------------------------------------------+ Best States ------------- Heat Dissipation 28 Energy Generation 10 Energy Capacity 250 Matter Stores 300 Matter Capacity 300 Sight Range 16 Terrain Scan Density 10 Evasion (%) 40 Recoil Reduction 3 Item Schematics ----------------- None Robot Schematics ------------------ None Fabricated ------------ Nothing Repaired ---------- Nothing Alien Tech Used ----------------- None Achievements -------------- None Challenges ------------ None Game ------ Seed NavigationNovaScreen Manual? 0 Play Time 00:13:12 Cumulative 161.5 hours Start 2025.07.15 @ 15:57:08 End 2025.07.15 @ 16:06:27 Sessions 1 Manual Loads 0 Difficulty Rogue Special Mode None Game No. 402 Rogue 402 Adventurer 0 Explorer 0 Win Type - Total 6 Types 5/0/1/0/0/0/0/0/0/0 Lore% 70 Gallery% 61 Achievement% 48 Wizard Run 0 Options --------- Layout 0 ASCII 0 Keyboard 0 Movement Numpad Keybinds 0 Fullscreen 2 Font 18/Terminus Map View 76x50 Zoom Use 0% Tactical HUD 1 Map Filters NONE Filters SATURATION(100) Steam 1 RUN: dd6494e3-113a-44ab-9ca5-e03bfeeb7f8e